 Dungeon Crawl Stone Soup version 0.18.1-5-g4a78601 (webtiles) character file.

8 M4edhros the Grave Robber (level 2, -1/17 HPs)
             Began as an Octopode Necromancer on May 11, 2016.
             Slain by a hobgoblin (2 damage)
             ... on level 2 of the Dungeon.
             The game lasted 00:01:05 (176 turns).

M4edhros the Grave Robber (Octopode Necromancer)     Turns: 176, Time: 00:01:06

Health: -1/17      AC:  1    Str:  7    XL:     2   Next: 8%
Magic:  5/5        EV: 14    Int: 17    God:
Gold:   0          SH:  0    Dex: 10    Spells: 1 memorised, 4 levels left

rFire  . . .     SeeInvis .     c - +0 short sword
rCold  . . .     Gourm    .     (no shield)
rNeg   . . .     Faith    .     (helmet restricted)
rPois  .         Spirit   .     (no amulet)
rElec  .         Dismiss  .     e - ring of resist corrosion
rCorr  +         Reflect  .     (no ring)
SustAt .         Harm     .     (no ring)
MR     .....                    (no ring)
Stlth  +++.......               (no ring)
                                (no ring)
                                (no ring)
                                (no ring)

@: not resistant to hostile enchantments, fairly stealthy
A: almost no armour, amphibious, 8 rings, constrict 8, tentacle spike 1,
repulsion field 1, camouflage 1, clumsy 1, gelatinous body 1
a: no special abilities


You were on level 2 of the Dungeon.
You were not hungry.

You visited 1 branch of the dungeon, and saw 2 of its levels.

Inventory:

Hand Weapons
 c - a +0 short sword (weapon)
Jewellery
 e - a ring of resist corrosion (left tentacle)
Books
 a - a book of Necromancy

   Spells                             Type                      Level
   a - Pain                           Necromancy                   1
   b - Animate Skeleton               Necromancy                   1
   c - Vampiric Draining              Necromancy                   3
   d - Regeneration                   Charms/Necromancy            3
   e - Animate Dead                   Necromancy                   4
   f - Control Undead                 Necromancy                   4
Comestibles
 b - 2 bread rations


   Skills:
 - Level 2.0 Dodging
 - Level 2.6 Stealth
 + Level 1.6 Unarmed Combat
 - Level 2.0 Spellcasting
 - Level 4.0 Necromancy


You had 4 spell levels left.
You knew the following spells:

 Your Spells              Type           Power        Failure   Level  Hunger
a - Pain                  Necr           ###.         3%          1    #......


Dungeon Overview and Level Annotations

Branches:
Dungeon (2/15)

Altars:


Innate Abilities, Weirdness & Mutations

You cannot wear most types of armour.
You are amphibious.
You can wear up to eight rings at the same time.
You can use your tentacles to constrict eight enemies at once.
Your skin changes colour to match your surroundings (Stealth).
Your rubbery body absorbs attacks (AC +1).
One of your tentacles bears a spike.
You are surrounded by a mild repulsion field (EV +2).
You are clumsy. (Dex -2)


Message History

The bat hits you but does no damage.
You hit the bat.
You kill the bat!
A kobold comes into view. It is wielding a dagger.
A bat comes into view.
The hobgoblin barely misses you.
Drink which item? (? for menu, Esc to quit)
It was a potion of mutation.
You feel extremely strange.
One of your lower tentacles grows a sharp spike.
You feel clumsy.
You begin to radiate repulsive energy.
The hobgoblin hits you.
* * * LOW HITPOINT WARNING * * *
You aren't carrying any items that you can evoke.
Read which item? (? for menu, Esc to quit)
Okay, then.
Sorry, you're not good enough to have a special ability.
You closely miss the hobgoblin. You grab the hobgoblin.
You constrict the hobgoblin, but do no damage.
The hobgoblin hits you.
You die...

..# ## ...#.. ...#. #..K#
#.... #.#.# w. ####.#.# .
#. #@g..#.# .. #.
#######g#.# .S. #.
#.......#.####.#
....##w###.######.......#
..........g.g......#..###
.......####.####...#..#
.......(....#..........
.......#.(#......#.####
.......#.......!....#


You could see a hobgoblin and a goblin.

Vanquished Creatures
  A bat (D:2)
  A goblin (D:1)
  A hobgoblin (D:1)
  A giant newt (D:1)
  2 kobolds (D:1)
  2 rats (D:1)
8 creatures vanquished.

Notes
Turn   | Place    | Note
--------------------------------------------------------------
     0 | D:1      | M4edhros the Octopode Necromancer began the quest for the Orb.
     0 | D:1      | Reached XP level 1. HP: 11/11 MP: 3/3
    36 | D:1      | Reached skill level 1 in Unarmed Combat
   108 | D:1      | Reached XP level 2. HP: 12/17 MP: 5/5
   174 | D:2      | Gained mutation: One of your tentacles bears a spike. [potion of mutation]
   174 | D:2      | Gained mutation: You are clumsy. (Dex -2) [potion of mutation]
   174 | D:2      | Gained mutation: You are surrounded by a mild repulsion field (EV +2). [potion of mutation]
   176 | D:2      | Slain by a hobgoblin

Skill      XL: |  1 |
---------------+----+-----
Unarmed Combat | 1 |  1.6
Dodging        | |  2.0
Stealth        | |  2.6
Spellcasting   | |  2.0
Necromancy     | |  4.0

Action                   || total
-------------------------++-------
Melee: Short sword       ||     9
       Unarmed           ||     6
       Constrict         ||     6
       Tentacles         ||     3
 Cast: Pain              ||     4
  Use: Potion            ||     1
 Stab: Sleeping          ||     2
Armor: Skin              ||     1
Dodge: Dodged            ||     6
